 Dungeon Crawl Stone Soup version 0.31.0-12-g77e489cdc1 (webtiles) character file.

Game seed: 6868387144010290431

6842 Beerserk the Carver (level 11, -5/83 HPs)
             Began as a Human Fighter on Feb 26, 2024.
             Was the Champion of Jiyva.
             Killed by divine providence
             ... invoked by an orc priest
              (15 damage)
             ... on level 10 of the Dungeon.
             The game lasted 00:46:17 (9392 turns).

Beerserk the Carver (Human Fighter)                 Turns: 9392, Time: 00:46:17

Health: -5/83      AC: 18    Str: 22    XL:     11   Next: 5%
Magic:  11/11      EV:  6    Int:  8    God:    Jiyva [******]
Gold:   243        SH: 11    Dex: 18    Spells: 10/10 levels left

rFire   . . .        A - +4 long sword "Rynluku" {pain, rElec rPois Will+ SInv}
rCold   . . .        C - +0 kite shield
rNeg    . . .        j - +0 plate armour
rPois   +            (no helmet)
rElec   +            h - +0 cloak
rCorr   +            e - +2 pair of gloves
SInv    +            (no boots)
Will    +....        (no amulet) Stlth
                     F - +6 ring of dexterity
HPRegen 1.93/turn    (no ring)
MPRegen 0.92/turn

%: no passive effects
@: no status effects
A: explore regen, electricity resistance, acidic bite, eyeballs 3, translucent
skin 1, engulf
a: Renounce Religion, Oozemancy, Slimify


You were on level 10 of the Dungeon.
You worshipped Jiyva.
Jiyva was exalted by your worship.
You visited 1 branch of the dungeon, and saw 10 of its levels.
You also visited: Sewer.

You collected 455 gold pieces.
You spent 212 gold pieces at shops.

Inventory:

Hand Weapons
 a - a +0 long sword
 u - a +1 long sword of protection
 y - a +3 dagger
 A - the +4 long sword "Rynluku" (weapon) {pain, rElec rPois Will+ SInv}
   (You bought it in a shop on level 5 of the Dungeon)

   rElec:     It insulates you from electricity.
   rPois:     It protects you from poison Will+: It increases your willpower.
   SInv:      It lets you see invisible.
 G - a +3 short sword
 H - a +3 flail
 L - a +1 scimitar of flaming
Armour
 b - a +0 scale mail
 c - a +0 buckler
 e - a +2 pair of gloves (worn)
 h - a +0 cloak (worn)
 j - a +0 plate armour (worn)
 k - the +3 robe of Bitterness {Int+3}
   (You found it on level 4 of the Dungeon)

   Int+3:     It affects your intelligence (+3).
 p - a +0 pair of gloves
 w - a +0 troll leather armour {Pargi}
 C - a +0 kite shield (worn)
 P - the +0 helmet of a Gauntlet {+Inv rPois Str-4}
   (You found it on level 9 of the Dungeon)

   Str-4:     It affects your strength (-4).
   rPois:     It protects you from poison +Inv: It lets you turn invisible.
Jewellery
 F - a +6 ring of dexterity (left hand)
 K - a ring of flight
Wands
 s - a wand of mindburst (5)
 t - a wand of roots (9)
 O - a wand of paralysis (7)
Scrolls
 l - 6 scrolls of identify {unknown}
 n - 3 scrolls of noise {unknown}
 q - 2 scrolls of enchant armour {unknown}
 r - a scroll of poison {unknown}
 x - 2 scrolls of teleportation {unknown}
 z - a scroll of acquirement {unknown}
 B - a scroll of fog {unknown}
 D - a scroll of immolation {unknown}
 E - 2 scrolls of torment
Potions
 d - a potion of might
 f - a potion of cancellation {unknown}
 g - 2 potions of resistance {unknown}
 i - 3 potions of mutation {unknown}
 m - a potion of haste {unknown}
 o - 2 potions of curing {unknown}
 v - a potion of enlightenment {unknown}
 I - a potion of degeneration {unknown}
 J - a potion of attraction {unknown}
 M - a potion of brilliance {unknown}
 N - a potion of heal wounds {unknown}


   Skills:
 + Level 6.7 Fighting
 + Level 10.7 Long Blades
 + Level 7.9 Armour
 + Level 1.5 Dodging
 + Level 3.4 Stealth
 + Level 8.4 Shields
 + Level 0.2 Evocations


You had 10 spell levels left.
You didn't know any spells.
Your spell library contained the following spells:

 Spells                   Type           Power      Damage    Failure   Level
 Summon Small Mammal      Summ           0%         N/A       100%        1
 Blink                    Tloc           0%         N/A       100%        2
 Lesser Beckoning         Tloc           0%         N/A       100%        2
 Momentum Strike          Conj/Tloc      0%         3d8       100%        2
 Call Canine Familiar     Summ           0%         N/A       100%        3
 Summon Blazeheart Golem  Fire/Summ      0%         N/A       100%        4
 Summon Forest            Summ/Tloc      0%         N/A       100%        5
 Eringya's Noxious Bog    Alch           0%         4d6       100%        6
 Summon Hydra             Summ           0%         N/A       100%        7


Dungeon Overview and Level Annotations

Branches:
Dungeon (10/15)            Temple (0/1) D:6           Sewer (visited)
   Lair: D:8-11         Orc: D:9-12

Altars:
Cheibriados
Qazlal
Uskayaw
Xom
Yredelemnul
The Shining One
Jiyva

Shops:
D:3 =   D:5 (**


Innate Abilities, Weirdness & Mutations

You regain HP and MP as you explore.
You are resistant to electric shocks. (rElec)
You have acidic saliva.
Your body is covered in eyes which may confuse attackers. (Acc +7, SInv)
Your translucent skin slightly reduces your foes' accuracy. (Stealth+)
Your melee attacks may engulf your foes in ooze.


Message History

Beogh smites you! You block the gnoll sergeant's attack.
The warg bites you but does no damage.
You hit the warg. You bite the warg, but do no damage.
The warg is heavily wounded.
You block the warg's attack. The gnoll sergeant barely misses you.
You block the orc's attack. The orc priest barely misses you.
The warg bites you.
You hear a distant slurping noise.
The warg attacks as it pursues you! The warg closely misses you.
The orc priest miscasts a cantrip.
The warg bites you but does no damage.
You barely miss the warg. Your bite misses the warg.
The warg is heavily wounded.
The warg bites you!
The eyeballs on your body gaze at the warg.
The warg bites you!
You slash the warg!
The warg is severely wounded.
The warg barely misses the orc priest.
The gnoll sergeant hits you from afar with a +0 spear.
* * * LOW HITPOINT WARNING * * *
You catch the helpless warg completely off-guard!
You hit the warg. You bite the warg, but do no damage.
The warg is severely wounded.
You block the warg's attack.
The orc priest hits you but does no damage.
The gnoll sergeant hits you from afar with a +0 spear!
* * * LOW HITPOINT WARNING * * *
The warg bites you.
* * * LOW HITPOINT WARNING * * *
You hear a distant slurping noise.
The orc priest calls down the wrath of Beogh upon you.
Beogh smites you!
* * * LOW HITPOINT WARNING * * *
An orc priest comes into view. It is wielding a +0 hand axe.
The warg bites the orc!
The orc is killed!
The orc priest calls down the wrath of Beogh upon you.
Beogh smites you!
You die...

#............o.......
#.............)......
#..............o.....
#..........####......
#.......go.#..#......
#......o)..#..########
#.......h..#..........
##..........#..........
#.....@.....#..........
#........####.........<
#......).#.............
#.....))†#.....##'#####
#.......)#####'#.......
................<.......
........................
............##########..
............# #..


You could see a warg (confused), an orc warrior, a gnoll sergeant and an orc
priest.

Vanquished Creatures
  Erica (D:8)
  Maurice (D:9)
  A cyclops (D:9)
  Jeremiah (D:9)
  A troll (D:9)
  6 yaks (D:9)
  3 wargs (D:10)
  2 water moccasins
  Duvessa (D:7)
  Pargi (Sewer)
  2 sky beasts (D:6)
  2 ice beasts (D:5)
  An orc warrior (D:10)
  3 black bears
  An ogre (D:6)
  2 centaurs
  2 phantoms
  Blork the orc (D:6)
  A brain worm (Sewer)
  3 kobold brigands
  4 bullfrogs
  A gnoll sergeant (D:6)
  3 scorpions
  5 wights (D:9)
  Dowan (D:7)
  3 electric eels (D:9)
  4 howler monkeys
  2 bombardier beetles (D:7)
  A gnoll bouda (D:6)
  8 orc priests
  4 hounds
  2 iguanas
  12 orc wizards
  5 gnolls
  7 adders
  A shadow imp (D:7)
  2 white imps
  4 ufetubi
  3 dart slugs
  A ribbon worm (D:2)
  29 orcs
  4 bats
  4 endoplasms
  3 giant cockroaches
  7 goblins
  3 hobgoblins
  2 jackals (D:5)
  3 quokkas (D:2)
  11 ball pythons
  5 frilled lizards
  21 kobolds
  9 rats
  A butterfly (D:9)
211 creatures vanquished.

Vanquished Creatures (others)
  A shadow (D:10)
  2 scorpions
  An orc priest (D:6)
  A hound (D:5)
  7 jellies
  6 orcs
  A quokka (D:4)
  A butterfly (D:9)
20 creatures vanquished.

Grand Total: 231 creatures vanquished

Notes
Turn   | Place    | Note
-------+----------+-------------------------------------------
     0 | D:1      | Beerserk the Human Fighter began the quest for the Orb.
     0 | D:1      | Reached XP level 1. HP: 18/18 MP: 1/1
   135 | D:1      | Reached XP level 2. HP: 21/24 MP: 2/2
   486 | D:1      | Reached XP level 3. HP: 23/29 MP: 3/3
  1510 | D:2      | Found a stormy altar of Qazlal.
  1635 | D:2      | Found a faded altar of an unknown god.
  1650 | D:2      | Reached XP level 4. HP: 30/35 MP: 4/4
  2279 | D:2      | Prayed at the altar of an unknown god.
  2279 | D:2      | Became a worshipper of Jiyva Jicuitua the Shapeless
  2279 | D:2      | Reached * piety under Jiyva
  2526 | D:3      | Found Onlugan's Jewellery Shop.
  2629 | D:3      | Reached ** piety under Jiyva
  3119 | D:4      | Reached skill level 3 in Long Blades
  3252 | D:4      | Reached XP level 5. HP: 41/41 MP: 5/5
  3256 | D:4      | Identified the +3 robe of Bitterness {Int+3}
  3291 | D:4      | Noticed a black bear
  3298 | D:4      | Killed a black bear
  3299 | D:4      | Reached skill level 4 in Long Blades
  3406 | D:4      | Reached XP level 6. HP: 30/48 MP: 6/6
  3542 | D:4      | Found a snail-covered altar of Cheibriados.
  3666 | D:4      | Reached skill level 1 in Dodging
  4067 | D:5      | Entered Level 5 of the Dungeon
  4125 | D:5      | Found a glowing drain.
  4131 | Sewer    | Entered a sewer
  4204 | Sewer    | Reached skill level 5 in Long Blades
  4204 | Sewer    | Reached XP level 7. HP: 47/54 MP: 7/7
  4251 | Sewer    | Noticed Pargi
  4258 | Sewer    | Killed Pargi
  4329 | D:5      | Found Iderph's Gadget Gallery.
  4463 | D:5      | Reached skill level 6 in Long Blades
  4463 | D:5      | Reached XP level 8. HP: 39/61 MP: 8/8
  4471 | D:5      | Found Ykhynayt's Assorted Antiques.
  4571 | D:5      | Reached skill level 5 in Armour
  4581 | D:5      | Reached skill level 5 in Shields
  4633 | D:5      | Reached *** piety under Jiyva
  4744 | D:5      | Found Leifen's Antique Weapon Shoppe.
  4748 | D:5      | Bought a warped long sword for 212 gold pieces
  4748 | D:5      | Identified the +4 long sword "Rynluku" {pain, rElec rPois
                  | Will+ SInv} (You bought it in a shop on level 5 of the
                  | Dungeon)
  5034 | D:6      | Gained mutation: Your melee attacks may engulf your foes in
                  | ooze. [Jiyva's grace]
  5034 | D:6      | Gained mutation: You have acidic saliva. [Jiyva's grace]
  5034 | D:6      | Gained mutation: Your translucent skin slightly reduces
                  | your foes' accuracy. (Stealth+) [Jiyva's grace]
  5034 | D:6      | Gained mutation: Your translucent skin reduces your foes'
                  | accuracy. (Stealth+) [Jiyva's grace]
  5657 | D:6      | Reached skill level 5 in Fighting
  5737 | D:6      | Found a staircase to the Ecumenical Temple.
  5756 | D:6      | Reached skill level 7 in Long Blades
  5776 | D:6      | Reached XP level 9. HP: 68/68 MP: 9/9
  5786 | D:6      | Found a basalt altar of Yredelemnul.
  5794 | D:6      | Noticed a profane servitor
  5810 | D:6      | Found a glowing golden altar of the Shining One.
  5812 | D:6      | Noticed an angel
  5992 | D:6      | Reached **** piety under Jiyva
  6001 | D:6      | Found a hide-covered altar of Uskayaw.
  6375 | D:6      | Noticed Blork the orc
  6381 | D:6      | Killed Blork the orc
  6777 | D:7      | Found a flagged portal.
  6904 | D:7      | Reached skill level 8 in Long Blades
  6941 | D:7      | Noticed Duvessa
  6943 | D:7      | Noticed Dowan
  6952 | D:7      | Killed Duvessa
  6959 | D:7      | Killed Dowan
  7450 | D:7      | Reached ***** piety under Jiyva
  7796 | D:8      | Noticed Erica
  7808 | D:8      | Killed Erica
  7809 | D:8      | Reached skill level 9 in Long Blades
  7809 | D:8      | Reached XP level 10. HP: 59/76 MP: 10/10
  7838 | D:8      | Lost mutation: Your translucent skin reduces your foes'
                  | accuracy. (Stealth+) [Jiyva's grace]
  7838 | D:8      | Gained mutation: Your body has grown eyes which may confuse
                  | attackers. (Acc +3) [Jiyva's grace]
  7838 | D:8      | Gained mutation: Your body has grown many eyes which may
                  | confuse attackers. (Acc +5) [Jiyva's grace]
  7838 | D:8      | Gained mutation: Your body is covered in eyes which may
                  | confuse attackers. (Acc +7, SInv) [Jiyva's grace]
  7838 | D:8      | Gained mutation: You are resistant to electric shocks.
                  | (rElec) [Jiyva's grace]
  8485 | D:9      | Reached skill level 1 in Stealth
  8574 | D:9      | Noticed Jeremiah
  8705 | D:9      | Killed Jeremiah
  8706 | D:9      | Reached skill level 10 in Long Blades
  8730 | D:9      | Noticed a cyclops
  8743 | D:9      | Killed a cyclops
  8982 | D:9      | Found a shimmering altar of Xom.
  9003 | D:9      | Noticed Maurice
  9021 | D:9      | Killed Maurice
  9063 | D:9      | Identified the +0 helmet of a Gauntlet {+Inv rPois Str-4}
  9296 | D:10     | Entered Level 10 of the Dungeon
  9345 | D:10     | Reached ****** piety under Jiyva
  9349 | D:10     | Reached XP level 11. HP: 70/83 MP: 11/11
  9389 | D:10     | HP: 4/83 [orc priest/divine providence (9)]
  9392 | D:10     | Killed from afar by an orc priest

Illustrated notes

Levels and vault maps discovered:
D:1:      saegor_arrival_simple_e, layout_basic, minmay_heptomino_d4
D:2:      layout_loops_ring, basic_altar, dreamdust_ecumenical_altar_statues,
          hangedman_decor_peaks_small
D:3:      layout_rooms, serial_shops, shop_fountains,
          nicolae_elevator_lobby_plus
D:4:      layout_basic, mainiacjoe_overflow_catwalk
D:5:      layout_gridville, mainiacjoe_sewer_entry_somewhere_in_here_1,
          serial_shops, nicolae_shop_behind_doors, shop,
          serial_library_hellmonk_recessed_alcove, nicolae_shop_gadgets
D:6:      layout_basic, mainiacjoe_overflow_24_doors,
          grunt_temple_overflow_holy_war, minmay_temple_entry_mini_moons,
          st_stairs_11, nicolae_grassy_gnolls, uniq_blork_the_orc
D:7:      layout_basic, enter_bailey_4, nrook_campfire, uniq_duvessa
D:8:      layout_loops_ring, hangedman_decor_opposing, uniq_erica
D:9:      layout_basic, xom_butterflies, uniq_jeremiah, uniq_maurice
D:10:     lemuel_castle_with_subvaults [lemuel_castle_interior_original],
          layout_irregular_city, uniq_josephine

Skill      XL: |  1  2  3  4  5  6  7  8  9 10 |
---------------+-------------------------------+-----
Long Blades    | 3 4 5 6 7 9 10 | 10.7
Armour         | 4 6 7 |  7.9
Dodging        | 1 |  1.5
Fighting       | 4 5 6 |  6.7
Shields        | 4 5 7 8 |  8.4
Stealth        | 3 |  3.4
Evocations     | |  0.2

Action                     |  1- 3 |  4- 6 |  7- 9 | 10-12 || total
---------------------------+-------+-------+-------+-------++-------
  Melee: Long sword        |   118 |   165 |   346 |   152 ||   781
         Bite              |       |       |    25 |    29 ||    54
  Evoke: Wand              |       |     3 |     1 |       ||     4
    Use: Scroll            |       |     3 |       |       ||     3
   Stab: Confused          |       |       |       |    15 ||    15
 Armour: Scale mail        |   170 |    42 |       |       ||   212
         Plate armour      |       |   219 |   469 |   184 ||   872
  Dodge: Dodged            |    97 |    84 |   158 |    45 ||   384
  Block: Buckler           |    61 |    74 |    85 |       ||   220
         Kite shield       |       |       |   170 |   132 ||   302
